 Dungeon Crawl Stone Soup version 0.30-a0-709-gcdc1b43e22 (webtiles) character file.

Game seed: 4715879839797482255

121 Dartaoz the Insei (level 5, 0/37 HPs)
             Began as a Merfolk Transmuter on Jan 22, 2023.
             Constricted to death by a ball python (1 damage)
             ... on level 3 of the Dungeon.
             The game lasted 00:06:42 (2306 turns).

Dartaoz the Insei (Merfolk Transmuter)              Turns: 2306, Time: 00:06:43

Health: 0/37       AC:  3    Str: 12    XL:     5   Next: 5%
Magic:  8/8        EV: 10    Int: 12    God:
Gold:   149        SH:  0    Dex: 21    Spells: 2/8 levels left

rFire   . . .      SeeInvis .      - Unarmed
rCold   . . .      Faith    .    (no shield)
rNeg    . . .      Spirit   .    a - +1 robe
rPois   .          Reflect  .    (no helmet)
rElec   .          Harm     .    (no cloak)
rCorr   .          Rampage  .    (no gloves)
Will    .....                    (no boots)
Stlth   ++                       (no amulet)
HPRegen 0.26/turn                o - +6 ring of dexterity
MPRegen 0.11/turn                (no ring)

@: about to teleport, constricted
A: (nimble swimmer 2), mertail
a: no special abilities


You were on level 3 of the Dungeon.
You visited 1 branch of the dungeon, and saw 3 of its levels.

You collected 149 gold pieces.

Inventory:

Armour
 a - a +1 robe (worn)
Jewellery
 o - a +6 ring of dexterity (left hand)
Scrolls
 c - a scroll of vulnerability {unknown}
 d - 3 scrolls of identify {unknown}
 e - 2 scrolls of enchant armour
 f - a scroll of noise {unknown}
 h - a scroll of teleportation
 j - a scroll of blinking {unknown}
 l - a scroll of fear {unknown}
 m - a scroll of magic mapping {unknown}
Potions
 b - 2 potions of lignification
 g - 4 potions of heal wounds {unknown}
 i - a potion of curing {unknown}
 k - a potion of magic {unknown}
 n - a potion of attraction {unknown}


   Skills:
 - Level 1.1 Fighting
 - Level 2.6 Dodging
 + Level 4.3 Unarmed Combat
 - Level 2.0 Spellcasting
 + Level 4.3 Transmutations
 + Level 2.7 Poison Magic


You had 2 spell levels left.
You knew the following spells:

 Your Spells              Type           Power      Damage    Failure   Level
a - Beastly Appendage     Tmut           22%        N/A       4%          1
b - Wereblood             Tmut           11%        N/A       7%          2
c - Spider Form           Tmut/Pois      9%         N/A       19%         3

Your spell library contained the following spells:

 Spells                   Type           Power      Damage    Failure   Level
 Ice Form                 Ice/Tmut       6%         N/A       73%         4


Dungeon Overview and Level Annotations

Branches:
Dungeon (3/15)

Altars:

Shops:
D:1 (


Innate Abilities, Weirdness & Mutations

((You are very nimble when in or above water. (Stealth+, EV+, Speed+++)))
Your lower body shifts to a powerful aquatic tail in water.


Message History

The ball python hisses angrily.
The bat hits you but does no damage. The kobold hits you but does no damage.
The kobold hits you with a +0 club. The bat hits you but does no damage.
The ball python bites you. The ball python grabs you.
The ball python constricts you.
You barely miss the bat. The bat hits you. The ball python bites you.
The ball python constricts you.
You escape the ball python's grasp.
The kobold closely misses you. The bat closely misses you.
There is a stone staircase leading up here.
The bat barely misses you. The kobold hits you with a +0 club.
The ball python bites you. The ball python grabs you.
You stop ascending the stairs.
The ball python constricts you.
Okay, then.
The ball python's grasp on you weakens, but your attempt to escape fails.
The bat closely misses you. The kobold hits you but does no damage.
The bat hits you but does no damage.
The ball python bites you but does no damage.
The ball python constricts you.
You escape the ball python's grasp.
The bat closely misses you. The ogre barely misses you.
The kobold hits you with a +0 club.
The ball python bites you but does no damage.
The ball python grabs you.
You stop ascending the stairs.
The ball python constricts you.
Okay, then.
As you read the scroll labelled AKITUTR BUSI, it crumbles to dust.
It is a scroll of enchant armour.
Your +0 robe glows green for a moment.
The bat hits you but does no damage. The kobold closely misses you.
The ogre hits you with a +0 giant spiked club!!
* * * LOW HITPOINT WARNING * * *
The ball python bites you but does no damage.
The ball python constricts you.
As you read the scroll labelled FEXAYD NUIGI, it crumbles to dust.
You feel strangely unstable.
It was a scroll of teleportation.
The bat hits you but does no damage. The kobold hits you with a +0 club.
* * * LOW HITPOINT WARNING * * *
The bat closely misses you. The ball python barely misses you.
The ball python constricts you.
You die...

##### ..#.##
#######.#..
#.....#.#.#
#.#.b@S.#.###
.......OK....>#
#.#.#.....#.#.#
# #.##..#...#
#. #..###.####
#. #.........#
# #.####O##.#
#.......#.#
.#######..#.#


You could see an ogre, a bat, a ball python and a kobold.

Vanquished Creatures
  4 adders
  A worm (D:3)
  2 dart slugs
  An orc (D:3)
  8 ball pythons
  8 endoplasms
  3 giant cockroaches
  10 goblins
  5 hobgoblins
  6 jackals
  3 kobolds
  2 quokkas (D:1)
  6 bats
  4 frilled lizards
  8 rats
71 creatures vanquished.

Vanquished Creatures (others)
  6 plants (D:2)
6 creatures vanquished.

Grand Total: 77 creatures vanquished

Notes
Turn   | Place    | Note
-------+----------+-------------------------------------------
     0 | D:1      | Dartaoz the Merfolk Transmuter began the quest for the Orb.
     0 | D:1      | Reached XP level 1. HP: 15/15 MP: 3/3
    82 | D:1      | Reached XP level 2. HP: 21/21 MP: 5/5
    89 | D:1      | Reached skill level 1 in Poison Magic
   130 | D:1      | Found Methrazui's Weapon Shoppe.
   254 | D:1      | Reached XP level 3. HP: 25/26 MP: 4/6
   926 | D:2      | Reached XP level 4. HP: 29/31 MP: 5/7
  1094 | D:2      | Learned a level 2 spell: Wereblood
  1098 | D:2      | Learned a level 3 spell: Spider Form
  1153 | D:2      | Found a faded altar of an unknown god.
  1783 | D:3      | Noticed an ogre
  2226 | D:3      | Reached XP level 5. HP: 20/37 MP: 6/8
  2306 | D:3      | HP: 1/37 [kobold/+0 club (2)]
  2306 | D:3      | Constricted to death by a ball python

Illustrated notes

Levels and vault maps discovered:
D:1:      onia_arrival_handbag, layout_rooms, serial_shops, shop
D:2:      minmay_angry_zag, layout_rooms, shapermc_ecumenical_altar_flowoftime,
          chequers_big_river, minmay_misc_feat_encased
D:3:      layout_basic, minmay_ruptured

Skill      XL: |  1  2  3  4 |
---------------+-------------+-----
Transmutations | 3 4 |  4.3
Poison Magic   | 1 2 |  2.7
Unarmed Combat | 4 |  4.3
Fighting       | |  1.1
Dodging        | |  2.6
Spellcasting   | |  2.0

Action                     |  1- 3 |  4- 6 || total
---------------------------+-------+-------++-------
  Melee: Unarmed           |   125 |    85 ||   210
         Headbutt          |    17 |    16 ||    33
         Punch             |     4 |     2 ||     6
         Tailslap          |       |     1 ||     1
   Cast: Beastly Appendage |    21 |    20 ||    41
    Use: Scroll            |       |     2 ||     2
   Stab: Sleeping          |     1 |     1 ||     2
 Armour: Robe              |    34 |    17 ||    51
  Dodge: Dodged            |   102 |    59 ||   161

Table legend: (Time is in decaauts)
 A = Elapsed time spent in this place.
 B = Non-inter-level travel time spent in this place.
 C = Inter-level travel time spent in this place.
 D = Time resting spent in this place.
 E = Time spent auto-exploring this place.
 F = Levels seen in this place.
 G = Mean time per level.
                   A        B        C        D        E       F      G
               +--------+--------+--------+--------+--------+-----+--------+
         Total |   2271 |   2226 |     45 |      0 |   1710 |   3 |  757.0 |
       Dungeon |   2271 |   2226 |     45 |      0 |   1710 |   3 |  757.0 |
               +--------+--------+--------+--------+--------+-----+--------+

Top non-repeatable levels by time:
     D:2: 934 daAuts
     D:1: 708 daAuts
     D:3: 628 daAuts
